 Dungeon Crawl Stone Soup version 0.21-a0-426-g98080a9 (webtiles) character file.

122 mastercheaf21 the Cudgeler (level 4, -7/42 HPs)
             Began as a Minotaur Berserker on Nov 6, 2017.
             Was a Believer of Trog.
             Killed by nerve-wracking pain
             ... invoked by an orc priest
              (14 damage)
             ... on level 3 of the Dungeon.
             The game lasted 00:12:03 (2287 turns).

mastercheaf21 the Cudgeler (Minotaur Berserker)     Turns: 2287, Time: 00:12:03

Health: -7/42      AC:  3    Str: 23    XL:     4   Next: 78%
Magic:  3/3        EV: 12    Int:  4    God:    Trog [**....]
Gold:   58         SH:  0    Dex:  9    Spells: 3/3 levels left

rFire    . . .     SeeInvis .   f - +0 flail
rCold    . . .     Gourm    .   (no shield)
rNeg     . . .     Faith    .   m - +0 leather armour
rPois    .         Spirit   .   (helmet restricted)
rElec    .         Reflect  .   (no cloak)
rCorr    .         Harm     .   (no gloves)
MR       .....                  (no boots)
Stlth    +.........             (no amulet)
HPRegen  0.14/turn              (no ring)
MPRegen  0.08/turn              (no ring)

@: no status effects
A: retaliatory headbutt, horns 2
a: Berserk, Trog's Hand, Burn Spellbooks, Renounce Religion


You were on level 3 of the Dungeon.
You worshipped Trog.
Trog was pleased with you.
You were not hungry.

You visited 1 branch of the dungeon, and saw 3 of its levels.

You collected 58 gold pieces.

Inventory:

Hand Weapons
 a - a +0 mace
 f - a +0 flail (weapon)
 j - a cursed +0 spear
 n - a +0 hunting sling
 p - a +0 hand axe of electrocution
Missiles
 d - 84 stones (quivered)
 k - 5 javelins
 o - 9 poisoned needles
 r - 18 sling bullets
Armour
 b - a +0 animal skin
 m - a +0 leather armour (worn)
Scrolls
 g - 2 scrolls of identify {unknown}
 h - 3 scrolls of remove curse {unknown}
 t - a scroll of recharging {unknown}
 w - a scroll of teleportation {unknown}
Potions
 e - a potion of invisibility {unknown}
 i - a potion of brilliance {unknown}
 l - a potion of curing {unknown}
 s - a potion of magic {unknown}
 u - a potion of heal wounds {unknown}
 v - a potion of haste {unknown}
 x - 2 potions of cancellation {unknown}
 z - a potion of mutation {unknown}
Comestibles
 c - 2 bread rations


   Skills:
 + Level 5.2 Fighting
 + Level 5.5 Maces & Flails
 - Level 2.4 Armour
 - Level 2.2 Dodging


You had 3 spell levels left.
You didn't know any spells.

Dungeon Overview and Level Annotations

Branches:
Dungeon (3/15)

Altars:
Trog
The Shining One


Innate Abilities, Weirdness & Mutations

You reflexively headbutt those who attack you in melee.
You have a pair of horns on your head.


Message History

The orc wizard is lightly wounded.
The orc wizard closely misses you. The orc priest hits you with a club.
* * * LOW HITPOINT WARNING * * *
You sock the orc wizard!
You kill the orc wizard!
Trog accepts your kill.
Trog appreciates your killing of a magic user.
The orc priest closely misses you. The orc priest closely misses you.
Things that are here:
a dagger; a robe; a club You barely miss the orc priest.
You headbutt the orc priest.
The orc priest is moderately wounded.
The orc priest barely misses you.
You barely miss the orc priest.
You headbutt the orc priest, but do no damage.
The orc priest is moderately wounded.
The orc priest invokes the aid of Beogh against you.
Pain shoots through your body!
You die...

#.# ###### ...
......# #### ....
....... #.. .....
.......## #.##.....
........###........
#................
###..........#.....
.......@.....# ....
.......o.....# ###
.............#
..#.....%..#...#
...........###...
###......... .[.
##...###.## .. ....
.#


You could see an orc priest.

Vanquished Creatures
  An orc wizard (D:3)
  A gnoll (D:1)
  An adder (D:2)
  4 worms (D:2)
  A dart slug (D:1)
  5 leopard geckos
  An orc (D:3)
  A ball python (D:1)
  9 bats
  2 giant cockroaches (D:2)
  5 hobgoblins
  5 jackals
  A quokka (D:2)
  6 frilled lizards
  6 goblins
  2 kobolds
  4 rats
55 creatures vanquished.

Notes
Turn   | Place    | Note
-------+----------+-------------------------------------------
     0 | D:1      | mastercheaf21 the Minotaur Berserker began the quest for the Orb.
     0 | D:1      | Reached XP level 1. HP: 19/19 MP: 0/0
    74 | D:1      | Reached XP level 2. HP: 7/27 MP: 1/1
   622 | D:1      | Reached XP level 3. HP: 31/34 MP: 2/2
   649 | D:1      | Found a glowing golden altar of the Shining One.
  1066 | D:1      | Reached ** piety under Trog
  1415 | D:2      | Found a bloodstained altar of Trog.
  1512 | D:2      | Found a faded altar of an unknown god.
  1621 | D:2      | Reached skill level 5 in Fighting
  1665 | D:2      | Reached XP level 4. HP: 35/42 MP: 3/3
  2002 | D:2      | Reached skill level 5 in Maces & Flails
  2287 | D:3      | Killed from afar by an orc priest

Vault maps used:
D:1:      minmay_arrival_shattered_statue, tso_altar
D:2:      lemuel_coloured_pillars_altar, first_bread,
          chequers_ecumenical_altar_simple
D:3:      lemuel_doored_altar, dancing_weapons_uskayaw

Skill      XL: |  1  2  3  4 |
---------------+-------------+-----
Fighting       | 4 5 |  5.2
Maces & Flails | 4 5 |  5.5
Armour         | |  2.4
Dodging        | |  2.2

Action                   |  1- 3 |  4- 6 || total
-------------------------+-------+-------++-------
Melee: Mace              |     3 |       ||     3
       Flail             |    83 |    23 ||   106
       Headbutt          |     6 |     3 ||     9
Throw: Stone             |       |     5 ||     5
  Eat: Chunk             |     2 |     2 ||     4
Armor: Animal skin       |     7 |       ||     7
       Leather armour    |    13 |    16 ||    29
Dodge: Dodged            |    63 |    30 ||    93

Table legend:
 A = Spawn XP
 B = Non-spawn XP
 C = Spawn XP percentage of total XP
 D = Spawn monster count
 E = Non-spawn monster count
 F = Spawn count percentage of total count
 G = Total turns spent on level
                    A         B        C        D         E        F      G
               +---------+---------+-------+---------+---------+-------+---------
         Total |       0 |     175 |   0.0 |       0 |      55 |   0.0 |  2287
               +---------+---------+-------+---------+---------+-------+---------
           D:1 |       0 |      58 |   0.0 |       0 |      25 |   0.0 |  1253
           D:2 |       0 |      72 |   0.0 |       0 |      28 |   0.0 |  1021
           D:3 |       0 |      45 |   0.0 |       0 |       2 |   0.0 |    13
               +---------+---------+-------+---------+---------+-------+---------
